 Dungeon Crawl Stone Soup version 0.32-a0-306-gfed3edf829 (webtiles) character file.

Game seed: 13984051878051422822

100 pokeman the Magician (level 4, -1/25 HPs)
             Began as a Deep Elf Hedge Wizard on Feb 14, 2024.
             Slain by a gnoll
             ... wielding a +0 flail
              (10 damage)
             ... on level 2 of the Dungeon.
             The game lasted 00:02:56 (1656 turns).

pokeman the Magician (Deep Elf Hedge Wizard)        Turns: 1656, Time: 00:02:56

Health: -1/25      AC:  2    Str:  7    XL:     4   Next: 46%
Magic:  0/13       EV: 12    Int: 21    God:
Gold:   19         SH:  0    Dex: 14    Spells: 6/14 levels left

rFire   . . .        a - +0 dagger
rCold   . . .        (no shield)
rNeg    . . .        b - +0 robe
rPois   .            c - +0 hat
rElec   .            (no cloak)
rCorr   .            (no gloves)
SInv    .            (no boots)
Will    .....        (no amulet)
Stlth   ++           (no ring)
HPRegen 0.24/turn    (no ring)
MPRegen 0.13/turn

%: no passive effects
@: very slightly contaminated
A: no striking features
a: no special abilities


You were on level 2 of the Dungeon.
You visited 1 branch of the dungeon, and saw 2 of its levels.

You collected 19 gold pieces.

Inventory:

Hand Weapons
 a - a +0 dagger (weapon)
Armour
 b - a +0 robe (worn)
 c - a +0 hat (worn)
Scrolls
 e - a scroll of teleportation {unknown}
 f - a scroll of noise {unknown}
 g - 2 scrolls of fog {unknown}
 i - a scroll of amnesia {unknown}
Potions
 d - a potion of magic
 h - a potion of cancellation {unknown}


   Skills:
 - Level 1.0 Fighting
 - Level 1.0 Armour
 + Level 2.7 Dodging
 + Level 2.8 Stealth
 * Level 5.7 Spellcasting
 + Level 2.3 Conjurations
 - Level 1.1 Summonings
 - Level 1.1 Translocations


You had 6 spell levels left.
You knew the following spells:

 Your Spells              Type           Power      Damage    Failure   Level
a - Magic Dart            Conj           60%        1d6       3%          1
b - Mephitic Cloud        Conj/Alch/Air  9%         N/A       22%         3
c - Call Imp              Summ           20%        N/A       10%         2
d - Blink                 Tloc           20%        N/A       10%         2

Your spell library contained the following spells:

 Spells                   Type           Power      Damage    Failure   Level
 Slow                     Hex            24%        N/A       10%         1
 Cigotuvi's Dreadful Rot  Necr/Alch/Air  12%        N/A       16%         2
 Tukima's Dance           Hex            6%         N/A       30%         3
 Passage of Golubria      Tloc           10%        N/A       54%         4
 Yara's Violent Unravell  Hex/Alch       3%         3d4       95%         5


Dungeon Overview and Level Annotations

Branches:
Dungeon (2/15)

Altars:

Annotations:
D:1 Gold over lava


Message History

Aiming: Mephitic Cloud (extremely dangerous; 22% risk of failure)
Press: ? - help, Shift-Dir - straight line, f/p - ribbon worm
Aim: a ribbon worm (confused, chance to affect: 81%)
The ball explodes into a vile cloud!
The stinking cloud engulfs the gnoll.
The stinking cloud engulfs the ribbon worm.
The stinking cloud engulfs you.
You are engulfed in noxious fumes.
You choke on the stench!
You are confused.
You feel sick.
The ribbon worm is engulfed in noxious fumes.
The ribbon worm appears confused.
The gnoll is engulfed in noxious fumes.
The gnoll appears confused.
The gnoll misses you.
Unknown command.
Unknown command.
You feel sick.
The gnoll is engulfed in noxious fumes.
The gnoll appears confused.
The ribbon worm is engulfed in noxious fumes.
The ribbon worm appears confused.
You hit the gnoll but do no damage.
You feel less confused.
You feel sick.
The ribbon worm is engulfed in noxious fumes.
You catch the helpless ribbon worm completely off-guard!
You puncture the ribbon worm!
The ribbon worm is heavily wounded.
You feel sick.
The gnoll is engulfed in noxious fumes.
The gnoll appears confused.
The ribbon worm bites you.
The ribbon worm bites itself!
You hit the ribbon worm.
You kill the ribbon worm!
You feel sick.
The gnoll is engulfed in noxious fumes.
The gnoll appears confused.
The gnoll gestures wildly.
You feel sick.
The gnoll is engulfed in noxious fumes.
The gnoll appears confused.
The gnoll barely misses you.
You hit the gnoll but do no damage.
You feel sick.
You are no longer poisoned.
The gnoll is engulfed in noxious fumes.
The gnoll appears confused.
The gnoll hits you with a +0 flail!
You die...

####### #.....
#..#.### ##.##
#...... # #...#
#.>#.##.# #...#
#.§g@...# #...#
#..§°##.# ###...#####
#..#.# #
..........###..#..#.
.....................
..........####.##.#.#
##....#.### #........
#....#.# ####.#.##
#..<.#.# .# #


You could see a gnoll (confused).

Vanquished Creatures
  3 gnolls (D:2)
  A ribbon worm (D:2)
  7 ball pythons
  2 endoplasms (D:1)
  2 giant cockroaches (D:1)
  3 goblins (D:1)
  2 hobgoblins
  3 jackals (D:1)
  A quokka (D:2)
  2 bats (D:1)
  A frilled lizard (D:2)
  2 kobolds (D:1)
  6 rats (D:1)
35 creatures vanquished.

Vanquished Creatures (collateral kills)
  An adder (D:1)
1 creature vanquished.

Grand Total: 36 creatures vanquished

Notes
Turn   | Place    | Note
-------+----------+-------------------------------------------
     0 | D:1      | pokeman the Deep Elf Hedge Wizard began the quest for the
                  | Orb.
     0 | D:1      | Reached XP level 1. HP: 10/10 MP: 7/7
   125 | D:1      | Reached XP level 2. HP: 15/15 MP: 5/9
   526 | D:1      | Reached skill level 5 in Spellcasting
   669 | D:1      | Reached XP level 3. HP: 20/20 MP: 8/11
   673 | D:1      | Learned a level 3 spell: Mephitic Cloud
   676 | D:1      | Learned a level 2 spell: Call Imp
   679 | D:1      | Learned a level 2 spell: Blink
  1288 | D:2      | HP: 1/20 [gnoll/+0 spear (2)]
  1304 | D:1      | Reached skill level 1 in Fighting
  1304 | D:1      | Reached skill level 1 in Armour
  1447 | D:2      | Reached XP level 4. HP: 25/25 MP: 5/13
  1656 | D:2      | Slain by a gnoll

Illustrated notes

Levels and vault maps discovered:
D:1:      grunt_arrival_lava_bath, layout_basic, minmay_crystal_room,
          serial_bayou_pond_a
D:2:      layout_loops_cross, basic_altar, shapermc_ecumenical_altar_pompeii,
          uniq_sigmund

Skill      XL: |  1  2  3 |
---------------+----------+-----
Spellcasting   | 5 |  5.7
Fighting       | 1 |  1.0
Armour         | 1 |  1.0
Conjurations   | 2 |  2.3
Dodging        | |  2.7
Stealth        | |  2.8
Summonings     | |  1.1
Translocations | |  1.1

Action                     |  1- 3 |  4- 6 || total
---------------------------+-------+-------++-------
  Melee: Dagger            |     5 |    17 ||    22
   Cast: Magic Dart        |    60 |    14 ||    74
         Mephitic Cloud    |     2 |     3 ||     5
         Blink             |     1 |       ||     1
         Call Imp          |     1 |       ||     1
   Stab: Confused          |     1 |     2 ||     3
 Armour: Robe              |     8 |     8 ||    16
  Dodge: Dodged            |    11 |    17 ||    28

Table legend: (Time is in decaauts)
 A = Elapsed time spent in this place.
 B = Non-inter-level travel time spent in this place.
 C = Inter-level travel time spent in this place.
 D = Time resting spent in this place.
 E = Time spent auto-exploring this place.
 F = Levels seen in this place.
 G = Mean time per level.
                   A        B        C        D        E       F      G
               +--------+--------+--------+--------+--------+-----+--------+
         Total |   1656 |   1584 |     72 |     67 |   1310 |   2 |  828.0 |
       Dungeon |   1656 |   1584 |     72 |     67 |   1310 |   2 |  828.0 |
               +--------+--------+--------+--------+--------+-----+--------+

Top non-repeatable levels by time:
     D:1: 1389 daAuts
     D:2: 266 daAuts
